Map: Orbital Shipyard

Players

MorN

  • Race: Terran Terran
  • League: Diamond

FavOr - Winner!

  • Race: Protoss Protoss
  • League: Master

VOD

Have the link to the VOD?

Description

Time

  • Played on: Nov. 13, 2015, 11:16 p.m.
  • Length: 12:42
Show
View Real Time Build Order
Export as new Build Order

MorN Terran 

Build Orders: Command Center First (CC), MMM Bio 

Get SALT Encoding   

  12  0:00  SCV  
  13  0:13  SCV  
  14  0:17  Supply Depot  
  14  0:25  SCV  
  15  0:39  SCV  
  16  0:51  SCV  
  17  1:00  Command Center  
  17  1:07  SCV  
  18  1:14  Barracks  
  18  1:25  Barracks  
  18  1:30  SCV  
  19  1:46  SCV  
  19  1:47  Refinery  
  20  1:49  Refinery  
  20  1:58  SCV  
  21  2:13  Orbital Command  
  21  2:15  Orbital Command  
  21  2:23  Marine x2  
  23  2:35  Barracks  
  23  2:41  Marine  
  23  2:42  SCV  
  23  2:44  Marine  
  26  2:55  Factory  
  26  2:59  SCV  
  26  3:03  Barracks Tech Lab  
  26  3:05  Barracks Reactor  
  27  3:08  SCV  
  27  3:09  Bunker  
  27  3:11  SCV  
  29  3:20  Supply Depot, SCV  
  29  3:22  Stimpack  
  30  3:31  Barracks Tech Lab  
  30  3:32  SCV  
  31  3:35  Engineering Bay  
  31  3:36  SCV  
  32  3:42  Starport  
  32  3:44  Factory Reactor  
  32  3:47  SCV  
  33  3:52  Marine x3  
  33  3:55  Marine  
  37  3:59  Combat Shields  
  37  4:02  SCV  
  38  4:06  Supply Depot  
  38  4:11  Marauder  
  38  4:12  Marine x2  
  38  4:14  SCV  
  43  4:24  Refinery  
  43  4:30  Marine x2, Medivac  
  43  4:31  Marine  
  48  4:33  SCV  
  48  4:35  Missile Turret  
  48  4:38  Supply Depot  
  49  4:40  SCV  
  49  4:42  Medivac  
  49  4:45  SCV  
  53  4:50  Marine  
  54  4:54  Factory Reactor  
  54  4:59  Marine  
  58  5:00  SCV, Supply Depot, Marauder  
  58  5:04  Medivac  
  60  5:09  Marine x2  
  60  5:12  Supply Depot  
  62  5:22  SCV, Marine, Medivac  
  62  5:23  Marauder  
  62  5:27  Marine  
  62  5:28  SCV  
  70  5:30  Supply Depot  
  70  5:34  SCV, Marauder  
  73  5:40  Marine  
  74  5:44  Marine, Marauder  
  74  5:45  Supply Depot  
  77  5:51  SCV  
  77  5:55  Marine  
  79  5:57  Marine  
  74  6:05  Marauder  
  74  6:09  Widow Mine, Medivac  
  74  6:10  Medivac  
  78  6:13  Concussive Shells, Marauder  
  78  6:14  Marine  
  78  6:15  Marine  
  82  6:21  SCV  
  82  6:24  Barracks x2  
  83  6:27  Marauder  
  83  6:32  Marine  
  85  6:35  Marauder, Marine  
  85  6:39  Medivac  
  90  6:44  SCV  
  90  6:46  Supply Depot  
  91  6:48  Marine  
  88  6:59  Marine x2  
  88  7:00  Marauder  
  81  7:14  Marine  
  75  7:18  Marine  
  75  7:19  Marauder, Marine  
  74  7:24  Marine x2  
  74  7:26  SCV  
  74  7:27  SCV  
  73  7:31  Marine  
  73  7:34  Terran Infantry Weapons Level 1  
  73  7:35  Refinery  
  73  7:36  Engineering Bay  
  74  7:37  Supply Depot  
  74  7:38  Widow Mine x2, Marine  
  74  7:39  SCV x2  
  74  7:41  Marauder  
  74  7:43  Barracks Reactor  
  83  7:46  Command Center  
  83  7:50  Barracks Tech Lab  
  83  7:55  Marauder  
  83  7:57  Medivac  
  83  7:58  Medivac  
  89  8:00  Supply Depot  
  83  8:08  Widow Mine, Marine x2  
  83  8:09  Marauder  
  83  8:11  SCV  
  88  8:13  Marine  
  88  8:15  Supply Depot  
  88  8:16  Marine  
  90  8:25  Marine x2  
  92  8:30  Marauder  
  92  8:32  Viking x2  
  92  8:33  Marine  
  92  8:34  Marine  
  100  8:35  Marauder x2  
  104  8:45  Widow Mine  
  104  8:46  Marine x2  
  108  8:51  Marauder  
  108  8:55  SCV, Starport  
  111  8:56  Marauder  
  113  9:05  Orbital Command  
  113  9:07  Viking x2  
  117  9:14  Marauder x2  
  121  9:28  Marine x2  
  121  9:29  Marauder  
  121  9:30  SCV x2  
  127  9:31  Supply Depot  
  127  9:33  Starport Tech Lab  
  127  9:35  Marauder  
  127  9:36  Marauder  
  127  9:38  Marine x2  
  131  9:40  SCV  
  131  9:42  SCV  
  136  9:45  SCV  
  136  9:50  Marauder  
  138  9:57  Marauder x2  
  140  10:03  Marine x2  
  142  10:08  Marine x2  
  142  10:11  Marauder  
  146  10:18  Marauder x2  
  107  10:29  Marine  
  107  10:31  Marine  
  107  10:32  Marine  
  107  10:33  Marine  
  107  10:34  Marine  
  105  10:36  Viking x2  
  105  10:40  Marauder  
  101  10:47  Marine x2  
  101  10:48  SCV x2  
  101  10:49  Marine x2  
  100  10:52  Marauder  
  103  10:57  Medivac  
  103  11:00  Widow Mine x2  
  103  11:01  Marine x2  
  103  11:03  SCV  
  112  11:05  Refinery, Marauder  
  112  11:06  Viking, Medivac  
  112  11:07  Refinery  
  112  11:08  Armory  
  118  11:13  Marauder  
  118  11:14  Marine  
  118  11:15  Marine  
  122  11:19  Marauder  
  122  11:20  Marine x2  
  122  11:21  SCV  
  127  11:27  Viking  
  127  11:31  Command Center  
  127  11:32  Marine x2  
  130  11:34  Marine  
  130  11:35  Marauder  
  130  11:38  Marine  
  135  11:41  Marauder  
  135  11:42  Marine  
  136  11:50  Marauder  
  136  11:51  Marine  
  136  11:52  Marine  
  132  11:55  Marine  
  132  11:56  Marauder  
  132  12:00  Marine  
  132  12:01  Barracks x3  
  136  12:02  Marauder  
  113  12:18  Marine x3  
  113  12:19  Marine x2, Marauder  
Show
View Real Time Build Order
Export as new Build Order

FavOr Protoss - Winner!

Build Orders: Blink Stalkers 

Get SALT Encoding   

  12  0:01  Probe (Chrono Boost)  
  13  0:11  Probe (Chrono Boost)  
  14  0:16  Pylon  
  14  0:22  Probe (Chrono Boost)  
  15  0:35  Probe (Chrono Boost), Gateway  
  16  0:41  Assimilator  
  16  0:45  Probe (Chrono Boost)  
  17  0:56  Probe (Chrono Boost)  
  18  1:06  Probe (Chrono Boost)  
  18  1:09  Pylon  
  19  1:17  Probe (Chrono Boost)  
  20  1:22  Cybernetics Core  
  20  1:27  Probe (Chrono Boost)  
  21  1:38  Probe (Chrono Boost)  
  24  1:48  Probe (Chrono Boost)  
  24  1:53  Nexus  
  23  1:56  Assimilator  
  23  1:59  Probe (Chrono Boost)  
  24  2:09  Warp Gate  
  24  2:10  Mothership Core (Chrono Boost)  
  26  2:19  Stalker  
  28  2:28  Probe (Chrono Boost)  
  29  2:33  Pylon  
  29  2:39  Probe (Chrono Boost)  
  30  2:46  Twilight Council  
  30  2:49  Probe (Chrono Boost)  
  31  2:52  Stalker  
  33  3:00  Probe (Chrono Boost)  
  34  3:10  Probe (Chrono Boost), Robotics Facility  
  36  3:13  Probe (Chrono Boost)  
  36  3:17  Assimilator  
  36  3:21  Probe (Chrono Boost)  
  36  3:23  Probe (Chrono Boost)  
  38  3:27  Blink (Chrono Boost)  
  38  3:31  Probe (Chrono Boost)  
  38  3:33  Probe (Chrono Boost)  
  40  3:41  Assimilator  
  40  3:42  Probe x2  
  42  3:53  Probe  
  42  3:54  Probe  
  44  3:58  Observer  
  44  4:02  Gateway x2  
  45  4:04  Pylon  
  45  4:06  Probe  
  45  4:07  Probe  
  47  4:12  Pylon  
  47  4:15  Stalker  
  49  4:19  Observer (Chrono Boost)  
  49  4:24  Probe x2  
  52  4:28  Pylon  
  52  4:36  Probe x2  
  54  4:41  Stalker  
  54  4:43  Observer (Chrono Boost)  
  57  4:48  Probe x2  
  59  4:54  Nexus  
  59  5:01  Observer (Chrono Boost)  
  59  5:02  Probe x2  
  59  5:03  Pylon  
  62  5:18  Robotics Bay  
  62  5:20  Pylon  
  62  5:22  Stalker x3  
  68  5:38  Probe x2  
  68  5:42  Gateway  
  70  5:44  Gateway  
  70  5:45  Gateway  
  70  5:49  Sentry x3  
  72  6:12  Stalker x3  
  72  6:16  Colossus (Chrono Boost)  
  84  6:20  Gateway  
  84  6:21  Gateway  
  84  6:23  Probe x2  
  84  6:35  Probe  
  84  6:39  Probe  
  86  6:42  Adept x6  
  83  7:19  Observer (Chrono Boost)  
  84  7:25  Stalker x4  
  84  7:26  Stalker x2  
  84  7:29  Pylon  
  90  7:30  Probe x2, Pylon  
  90  7:34  Resonating Glaives  
  92  7:37  Forge  
  92  7:38  Forge  
  92  7:42  Probe x2  
  94  7:45  Pylon  
  94  7:46  Pylon  
  94  7:49  Sentry x2  
  94  7:50  Sentry, Adept x2  
  94  7:51  Adept x3  
  110  7:56  Colossus (Chrono Boost)  
  116  8:15  Probe x2  
  116  8:16  Probe  
  116  8:19  Zealot x2  
  123  8:20  Zealot x4  
  123  8:22  Adept  
  123  8:27  Protoss Ground Weapons Level 1 (Chrono Boost), Protoss Ground Armor Level 1 (Chrono Boost)  
  133  8:48  Assimilator  
  133  8:49  Assimilator  
  133  8:51  Pylon x2  
  133  8:53  Pylon  
  133  8:55  Pylon  
  133  9:02  Colossus  
  133  9:03  Probe  
  133  9:09  Extended Thermal Lance  
  139  9:13  Nexus  
  139  9:17  Pylon  
  139  9:18  Pylon  
  139  9:19  Probe x2  
  141  9:31  Robotics Facility  
  141  9:35  Pylon x2  
  141  9:40  Pylon  
  141  9:41  Pylon  
  141  9:43  Pylon  
  140  9:53  Observer  
  141  10:03  Probe  
  141  10:04  Probe, Photon Cannon  
  143  10:08  Photon Cannon  
  133  10:22  Adept x4  
  133  10:23  Adept x4  
  124  10:48  Probe x2  
  126  10:51  Colossus x2  
  126  10:53  Assimilator  
  126  10:56  Zealot x6  
  126  10:57  Zealot x2, Assimilator  
  140  10:58  Probe  
  140  11:00  Charge (Chrono Boost), Photon Cannon  
  140  11:03  Pylon  
  155  11:10  Photon Cannon x2  
  155  11:15  Probe  
  157  11:28  Stalker x6  
  168  11:35  Adept x2  
  172  11:52  Zealot x6  
  162  12:23  Stalker x4  
  162  12:24  Stalker x4  
  190  12:34  Templar Archives  
Tags
 
Add a new tag
Caveats
  • Supply blocks, unpowered buildings, or Contaminate may cause inaccurate times.
  • Supply counts are checked every 10 seconds.